 Dungeon Crawl Stone Soup version 0.24-a0-378-g94936e539c (webtiles) character file.

Game seed: 15846955186040009703

38 MTandi the Chiller (level 3, -1/24 HPs)
             Began as a Merfolk Ice Elementalist on June 2, 2019.
             Slain by a worm (10 damage)
             ... on level 2 of the Dungeon.
             The game lasted 00:04:25 (1453 turns).

MTandi the Chiller (Merfolk Ice Elementalist)       Turns: 1453, Time: 00:04:26

Health: -1/24      AC:  2    Str:  9    XL:     3   Next: 43%
Magic:  5/6        EV: 13    Int: 14    God:
Gold:   26         SH:  0    Dex: 14    Spells: 5/6 levels left

rFire    . . .     SeeInvis .   d - +0 spear
rCold    . . .     Gourm    .   (no shield)
rNeg     . . .     Faith    .   a - +0 robe
rPois    .         Spirit   .   (no helmet)
rElec    .         Reflect  .   (no cloak)
rCorr    .         Harm     .   (no gloves)
MR       .....                  (no boots)
Stlth    ++........             (no amulet)
HPRegen  0.08/turn              (no ring)
MPRegen  0.10/turn              (no ring)

@: no status effects
A: change form in water, swift swim, stealthy swim
a: no special abilities


You were on level 2 of the Dungeon.
You were not hungry.

You visited 1 branch of the dungeon, and saw 2 of its levels.

You collected 26 gold pieces.

Inventory:

Hand Weapons
 b - a cursed +0 club
 d - a +0 spear (weapon)
 e - a +0 dagger
Armour
 a - a +0 robe (worn)
Scrolls
 h - 2 scrolls of enchant weapon {unknown}
 i - 2 scrolls of identify {unknown}
 j - a scroll of magic mapping {unknown}
Potions
 f - a potion of curing {unknown}
 g - a potion of might {unknown}
Comestibles
 c - 4 rations


   Skills:
 - Level 0.1 Fighting
 - Level 0.8 Short Blades
 - Level 3.1 Dodging
 - Level 2.3 Stealth
 - Level 2.4 Spellcasting
   Level 0.7 Conjurations
 + Level 4.0 Ice Magic


You had 5 spell levels left.
You knew the following spells:

 Your Spells              Type           Power        Failure   Level  Hunger
a - Freeze                Ice            ##..         4%          1    #......

Your spell library contained the following spells:

 Spells                   Type           Power        Failure   Level  Hunger
 Throw Frost              Conj/Ice       #.....       13%         2    ###....
 Ozocubu's Armour         Chrm/Ice       #.......     30%         3    ###....
 Throw Icicle             Conj/Ice       #.......     65%         4    #####..
 Summon Ice Beast         Ice/Summ       #.......     69%         4    #####..


Dungeon Overview and Level Annotations

Branches:
Dungeon (2/15)

Altars:


Message History

Press: ? - help, Dir - move target cursor, f/p - worm
Aim: a worm (lightly wounded)
You reach to attack!
You barely miss the worm.
The worm is lightly wounded.
Found a ration.
Evoke which item? (* to show all) (? for menu, Esc to quit)
Attack whom?
Press: ? - help, Dir - move target cursor, f/p - worm
Aim: a worm You reach to attack!
You hit the worm.
The worm is moderately wounded.
Casting: Freeze (safe; 4% risk of failure)
Confirm with . or Enter, or press ? or * to list all spells.
Aiming: Freeze (safe; 4% risk of failure)
Press: ? - help, Shift-Dir - straight line, f/p - worm
Aim: a worm (lightly wounded)
You freeze the worm.
The worm is moderately wounded.
The worm bites you!
You die...

...%.. .......
###....#.#
#...?....#
#........#
#........#
#........#
#.@......#
####.w%.....#
###...†.......#
#....†#.....###
#.....#.....#
#.....#.....#
#.(...#.....#
#.....#######
####.....#


You could see a worm.

Vanquished Creatures
  An ooze (D:1)
  A worm (D:2)
  2 giant cockroaches (D:1)
  2 goblins (D:1)
  2 hobgoblins (D:1)
  6 jackals (D:1)
  9 bats
  2 frilled lizards (D:1)
  2 kobolds
  5 rats (D:1)
32 creatures vanquished.

Notes
Turn   | Place    | Note
-------+----------+-------------------------------------------
     0 | D:1      | MTandi the Merfolk Ice Elementalist began the quest for the
                  | Orb.
     0 | D:1      | Reached XP level 1. HP: 13/13 MP: 3/3
   281 | D:1      | Reached XP level 2. HP: 4/19 MP: 0/5
   972 | D:1      | Reached XP level 3. HP: 24/24 MP: 3/6
  1420 | D:2      | Reached skill level 4 in Ice Magic
  1453 | D:2      | Slain by a worm

Levels and vault maps discovered:
D:1:      lightli_arrival_flooded_house, layout_basic, roderic_lattice_a
D:2:      layout_basic

Skill      XL: |  1  2  3 |
---------------+----------+-----
Dodging        | 3 |  3.1
Ice Magic      | 4 |  4.0
Fighting       | |  0.1
Short Blades   | |  0.8
Stealth        | |  2.3
Spellcasting   | |  2.4
Conjurations   | |  0.7

Action                   || total
-------------------------++-------
Melee: Dagger            ||    82
       Spear             ||    24
 Cast: Freeze            ||    31
 Stab: Sleeping          ||     3
  Eat: Chunk             ||     2
Armor: Robe              ||    28
Dodge: Dodged            ||    96

Table legend:
 A = Non-vault XP
 B = Vault XP
 C = Vault XP percentage of total XP
 D = Non-vault monster count
 E = Vault monster count
 F = Vault count percentage of total count
                 A         B        C        D         E       F
            +---------+---------+-------+---------+---------+-------
      Total |      55 |       0 |   0.0 |      32 |       0 |   0.0
            +---------+---------+-------+---------+---------+-------
        D:1 |      47 |       0 |   0.0 |      28 |       0 |   0.0
        D:2 |       8 |       0 |   0.0 |       4 |       0 |   0.0
            +---------+---------+-------+---------+---------+-------
